 Dungeon Crawl Stone Soup version 0.25.0-11-g1f837a76a1 (console) character file.

Game seed: 2925245942279717002

203 Kagalorn the Chiller (level 6, -2/54 HPs)
             Began as a Halfling Ice Elementalist on June 27, 2020.
             Was a Believer of Zin.
             Slain by an orc knight
             ... wielding a +0 war axe
              (11 damage)
             ... in a bailey.
             The game lasted 00:09:30 (3802 turns).

Kagalorn the Chiller (Halfling Ice Elementalist)    Turns: 3802, Time: 00:09:31

Health: -2/54      AC:  4    Str: 10    XL:     6   Next: 8%
Magic:  8/8        EV: 15    Int: 20    God:    Zin [**....]
Gold:   149        SH:  0    Dex: 15    Spells: 4/8 levels left

rFire    . . .     SeeInvis .   a - +1 dagger
rCold    . . .     Gourm    .   (shield restricted)
rNeg     . . .     Faith    .   d - +0 robe
rPois    .         Spirit   .   (no helmet)
rElec    .         Reflect  .   (no cloak)
rCorr    .         Harm     .   o - +1 pair of gloves
MR       .....                  (no boots)
Stlth    ..........             (no amulet)
HPRegen  0.18/turn              k - ring of flight
MPRegen  0.11/turn              v - +6 ring of intelligence

@: berserking, marked, very quick
A: small, mutation resistance 1
a: Recite, Vitalisation, Donate Gold, Renounce Religion, Evoke Flight


You were in a bailey.
You worshipped Zin.
Zin was pleased with you.
You were very hungry.

You visited 1 branch of the dungeon, and saw 5 of its levels.
You also visited: Bailey.

You collected 165 gold pieces.
You donated 16 gold pieces to Zin.

Inventory:

Hand Weapons
 a - a +1 dagger (weapon)
Missiles
 f - 87 bolts
 h - 124 stones (quivered)
 r - 37 arrows
Armour
 d - a +0 robe (worn)
 o - a +1 pair of gloves (worn)
Jewellery
 k - a ring of flight (left hand)
 v - a +6 ring of intelligence (right hand)
Wands
 t - a wand of paralysis (5)
Scrolls
 m - a scroll of amnesia
Potions
 e - 3 potions of curing {unknown}
 g - a potion of mutation {unknown}
 l - a potion of flight {unknown}
 n - 2 potions of might {unknown}
 p - a potion of magic {unknown}
 q - a potion of haste
 s - a potion of heal wounds
 w - a potion of degeneration
Comestibles
 c - 10 rations


   Skills:
 - Level 2.1 Dodging
 - Level 2.1 Stealth
 - Level 1.5 Spellcasting
 * Level 6.6 Ice Magic
 + Level 1.6 Invocations


You had 4 spell levels left.
You knew the following spells:

 Your Spells              Type           Power        Failure   Level  Hunger
a - Freeze                Ice            ####         1%          1    #......
b - Frozen Ramparts       Ice            ####..       3%          3    ###....

Your spell library contained the following spells:

 Spells                   Type           Power        Failure   Level  Hunger
 Ozocubu's Armour         Chrm/Ice       ##......     13%         3    ###....
 Hailstorm                Conj/Ice       ##......     38%         4    #####..
 Summon Ice Beast         Ice/Summ       ##......     38%         4    #####..


Dungeon Overview and Level Annotations

Branches:
Dungeon (7/15)             Bailey (1/1)
 Temple: D:4-7

Altars:
Qazlal
Wu Jian
Xom
Zin


Innate Abilities, Weirdness & Mutations

You are small and have problems with some larger weapons.
You are somewhat resistant to further mutation.


Message History

The orc warrior barely misses you.
An orc warrior comes into view. It is wielding a +0 war axe.
You hit the orc knight.
The orc knight is lightly wounded.
The orc knight roars a battlecry!
The orc warrior goes into a battle-frenzy!
The orc hits you with a +0 hand axe!
You puncture the goblin!
You kill the goblin!
The orc knight roars a battlecry!
The orc warrior hits you with a +0 war axe!
* * * LOW HITPOINT WARNING * * *
The orc closely misses you.
An orc comes into view. It is wielding a -1 hand axe.
Things that are here:
a +0 hand axe; a +0 leather armour You feel a strong urge to attack something.
A hobgoblin and a kobold come into view.
The orc knight hits you with a +0 war axe!
You die... #≈g≈# .≈.≈K ##≈o≈## K≈o≈K

#≈.≈##
≈g≈K
##g##
##o@.##
#8)oo8#
##.∩o##
##8##
###


You could see an orc knight, 3 orc warriors, 2 gnolls, 2 orcs, a hobgoblin and 3
kobolds.

Vanquished Creatures
  An orc warrior (Bailey)
  2 adders (D:2)
  2 oozes
  2 worms
  4 dart slugs
  An orc (D:3)
  5 giant cockroaches
  8 goblins
  13 hobgoblins
  3 quokkas
  5 bats
  4 frilled lizards
  7 kobolds
  6 rats
63 creatures vanquished.

Notes
Turn   | Place    | Note
-------+----------+-------------------------------------------
     0 | D:1      | Kagalorn the Halfling Ice Elementalist began the quest for
                  | the Orb.
     0 | D:1      | Reached XP level 1. HP: 11/11 MP: 3/3
   250 | D:1      | Reached XP level 2. HP: 17/17 MP: 2/4
   615 | D:1      | Reached XP level 3. HP: 18/21 MP: 0/5
   882 | D:1      | Reached skill level 5 in Ice Magic
  1379 | D:2      | Found a shimmering altar of Xom.
  1380 | D:2      | Noticed an angel
  1382 | D:2      | Found a glowing silver altar of Zin.
  1736 | D:2      | Learned a level 3 spell: Frozen Ramparts
  1912 | D:2      | Reached XP level 4. HP: 27/27 MP: 3/6
  2187 | D:2      | Found a stormy altar of Qazlal.
  2908 | D:3      | Found an ornate altar of the Wu Jian Council.
  3176 | D:3      | Reached XP level 5. HP: 26/31 MP: 5/7
  3253 | D:3      | Reached skill level 6 in Ice Magic
  3368 | D:3      | Found a faded altar of an unknown god.
  3460 | D:3      | Became a worshipper of Zin the Law-Giver
  3460 | D:3      | Reached * piety under Zin
  3460 | D:3      | Reached ** piety under Zin
  3681 | D:4      | You fall into a shaft and drop 3 floors!
  3708 | D:7      | Found a flagged portal.
  3756 | Bailey   | Entered a bailey
  3781 | Bailey   | Noticed an orc warrior
  3785 | Bailey   | Noticed an orc knight
  3787 | Bailey   | Noticed an orc warrior
  3791 | Bailey   | Noticed an orc warrior
  3795 | Bailey   | Killed an orc warrior
  3795 | Bailey   | Reached skill level 1 in Invocations
  3795 | Bailey   | Reached XP level 6. HP: 36/36 MP: 8/8
  3798 | Bailey   | Noticed an orc warrior
  3802 | Bailey   | Slain by an orc knight

Illustrated notes

Levels and vault maps discovered:
D:1:      dpeg_arrival_tiny_f, layout_basic, minmay_cut_off
D:2:      layout_basic, nicolae_qazlal_general_emergency,
          grunt_temple_overflow_order_and_chaos_1, first_ration
D:3:      layout_loops_ring, lemuel_round_altar,
          chequers_ecumenical_altar_simple
D:4:      layout_cave_pools, lemuel_coloured_pillars_altar, uniq_pikel
D:7:      layout_loops_cross, nicolae_dithmenos_the_darkroom,
          nicolae_overflow_hidden_temple, enter_bailey_2, nrook_mini_vaults,
          grunt_ogre_cave, uniq_harold
Bailey:   bailey_axe_1, bailey

Skill      XL: |  1  2  3  4  5 |
---------------+----------------+-----
Ice Magic      | 5 6 |  6.6
Invocations    | 1 |  1.6
Dodging        | |  2.1
Stealth        | |  2.1
Spellcasting   | |  1.5

Action                   |  1- 3 |  4- 6 || total
-------------------------+-------+-------++-------
Melee: Unarmed           |     2 |       ||     2
       Dagger            |    29 |    93 ||   122
 Cast: Freeze            |    40 |    26 ||    66
       Frozen Ramparts   |       |     2 ||     2
Evoke: Wand              |       |     4 ||     4
  Use: Scroll            |       |     7 ||     7
       Potion            |       |     1 ||     1
 Stab: Sleeping          |     3 |     3 ||     6
       Paralysed         |       |     5 ||     5
  Eat: Chunk             |     4 |     6 ||    10
Armor: Robe              |     2 |     7 ||     9
Dodge: Dodged            |    33 |    72 ||   105
